PAA
MERCER ISLAND SCREAMING EAGLES @ PHOENIX HOTSPUR YOUTH
07/17/2031
 
TOP OF THE 1ST
Mercer Island Screaming Eagles batting - Pitching for Phoenix Hotspur Youth : RHP Masahiro Sakei
Pitching: RHP Masahiro Sakei
Batting: LHB Alberto Enríquez 0-0: Called Strike
0-1: Ball
1-1: Ball
2-1: Ball
3-1: Fly out, F8 (Flyball, 78M)
Batting: LHB Jorge Pérez 0-0: Foul Ball, location: 2F
0-1: Ground out 4-3 (Groundball, 4)
Batting: RHB Giobbe Bastedo 0-0: Foul Ball, location: 2F
0-1: Ball
1-1: Ball
2-1: Ball
3-1: Ground out 5-3 (Groundball, 5)
Top of the 1st over - 0 runs, 0 hits, 0 errors, 0 left on base; Mercer Island 0 - Phoenix Hotspur 0
BOTTOM OF THE 1ST
Phoenix Hotspur Youth batting - Pitching for Mercer Island Screaming Eagles : RHP Darren Minich
Pitching: RHP Darren Minich
Batting: LHB Kenny Scott 0-0: Swinging Strike
0-1: Swinging Strike
0-2: Ground out 4-3 (Groundball, 4)
Batting: LHB Damian Alldred 0-0: Called Strike
0-1: Foul Ball, location: 2F
0-2: Ball
1-2: Fly out, F7 (Flyball, 7LS)
Batting: SHB Roldan Martir 0-0: Ball
1-0: Ball
2-0: Called Strike
2-1: Ball
3-1: Swinging Strike
3-2: Foul Ball, location: 2F
3-2: Ground out 1-3 (Groundball, 13S)
Bottom of the 1st over - 0 runs, 0 hits, 0 errors, 0 left on base; Mercer Island 0 - Phoenix Hotspur 0
TOP OF THE 2ND
Mercer Island Screaming Eagles batting - Pitching for Phoenix Hotspur Youth : RHP Masahiro Sakei
Batting: SHB Arnold Griffith 0-0: Called Strike
0-1: Ball
1-1: Ground out U3 (Groundball, 3)
Batting: RHB Bart Goodine 0-0: Ball
1-0: Ball
2-0: Foul Ball, location: 2F
2-1: Swinging Strike
2-2: Fly out, F7 (Flyball, 7D)
Batting: RHB Pedro Hernández 0-0: Called Strike
0-1: Foul Ball, location: 2F
0-2: Ball
1-2: Ball
2-2: Foul Ball, location: 2F
2-2: Foul Ball, location: 2F
2-2: Foul Ball, location: 2F
2-2: SINGLE (Line Drive, 7LS)
Batting: RHB Kenny DeWitt 0-0: Called Strike
0-1: Called Strike
0-2: Foul Ball, location: 2F
0-2: Ball
Pedro Hernández steals 2nd base
1-2: Foul Ball, location: 2F
1-2: Foul Ball, location: 2F
1-2: Foul Ball, location: 2F
1-2: Strikes out swinging
Top of the 2nd over - 0 runs, 1 hit, 0 errors, 1 left on base; Mercer Island 0 - Phoenix Hotspur 0
BOTTOM OF THE 2ND
Phoenix Hotspur Youth batting - Pitching for Mercer Island Screaming Eagles : RHP Darren Minich
Batting: RHB Carl Tucker 0-0: Ball
1-0: Foul Ball, location: 2F
1-1: Reached on error, E6 (Groundball, 6)
Batting: LHB Tyler Kinjeketile 0-0: Ball
1-0: Ball
2-0: Ball
3-0: Called Strike
3-1: Called Strike
3-2: Base on Balls
Carl Tucker to second
Batting: LHB António Escalante 0-0: Ball
1-0: Ball
2-0: Ball
3-0: Called Strike
3-1: Called Strike
3-2: Foul Ball, location: 2F
3-2: Foul Ball, location: 2F
3-2: Fly out, F9 (Flyball, 9LM)
Batting: RHB Germán Alfaro 0-0: Called Strike
0-1: Ball
1-1: Swinging Strike
1-2: Ball
2-2: SINGLE (Line Drive, 6M)
Carl Tucker to third
Tyler Kinjeketile to second
Batting: RHB Braylen Sampson 0-0: Foul Ball, location: 2F
0-1: Fly out, F8 (Flyball, 8LM)
Runner from 3rd tags up, SCORES, throw made
Batting: LHB Joseph Antoine 0-0: Ball
1-0: Ground out 4-3 (Groundball, 4)
Bottom of the 2nd over - 1 run, 1 hit, 1 error, 2 left on base; Mercer Island 0 - Phoenix Hotspur 1
TOP OF THE 3RD
Mercer Island Screaming Eagles batting - Pitching for Phoenix Hotspur Youth : RHP Masahiro Sakei
Batting: SHB Edward Sterrenburg 0-0: Called Strike
0-1: Ball
1-1: Fly out, F9 (Flyball, 9LSF)
Batting: SHB Ray Davis 0-0: Ball
1-0: Fly out, F9 (Flyball, 9D)
Batting: LHB Alberto Enríquez 0-0: Called Strike
0-1: Foul Ball, location: 2F
0-2: Foul Ball, location: 2F
0-2: Ball
1-2: Ground out 5-3 (Groundball, 56S)
Top of the 3rd over - 0 runs, 0 hits, 0 errors, 0 left on base; Mercer Island 0 - Phoenix Hotspur 1
BOTTOM OF THE 3RD
Phoenix Hotspur Youth batting - Pitching for Mercer Island Screaming Eagles : RHP Darren Minich
Batting: LHB Kenny Scott 0-0: Ball
1-0: Ball
2-0: Fly out, F9 (Flyball, 9)
Batting: LHB Damian Alldred 0-0: Foul Ball, location: 2F
0-1: Called Strike
0-2: Strikes out swinging, 2-3 out at first.
Batting: SHB Roldan Martir 0-0: Ball
1-0: SINGLE (Groundball, 4M) (infield hit)
Batting: RHB Carl Tucker 0-0: Ball
1-0: Ball
2-0: Foul Ball, location: 2F
2-1: Swinging Strike
2-2: Foul Ball, location: 2F
2-2: Foul Ball, location: 2F
2-2: Foul Ball, location: 2F
2-2: Foul Ball, location: 2F
2-2: Foul Ball, location: 2F
2-2: Ball
Roldan Martir steals 2nd base
3-2: SINGLE (Groundball, 56) (infield hit)
Roldan Martir to third
Batting: LHB Tyler Kinjeketile 0-0: Called Strike
0-1: SINGLE (Groundball, 3D)
Roldan Martir scores
Carl Tucker to second
Runner from 2nd tries for 3rd, SAFE, no throw
Batting: LHB António Escalante 0-0: Ball
1-0: Ball
2-0: SINGLE (Line Drive, 34)
Carl Tucker scores
Tyler Kinjeketile to second
Batting: RHB Germán Alfaro 0-0: Ball
1-0: Ball
2-0: Ball
3-0: Foul Ball, location: 2F
3-1: 3-RUN HOME RUN (Flyball, 7LD), Distance : 356 ft
Batting: RHB Braylen Sampson 0-0: Swinging Strike
0-1: Ball
1-1: Foul Ball, location: 2F
1-2: Foul Ball, location: 2F
1-2: Ball
2-2: Ball
3-2: Foul Ball, location: 2F
3-2: Fly out, F6 (Popup, 6)
Bottom of the 3rd over - 5 runs, 5 hits, 0 errors, 0 left on base; Mercer Island 0 - Phoenix Hotspur 6
TOP OF THE 4TH
Mercer Island Screaming Eagles batting - Pitching for Phoenix Hotspur Youth : RHP Masahiro Sakei
Batting: LHB Jorge Pérez 0-0: Ball
1-0: Ball
2-0: Called Strike
2-1: Foul Ball, location: 2F
2-2: SINGLE (Line Drive, 4MD)
Batting: RHB Giobbe Bastedo 0-0: Called Strike
0-1: Ball
1-1: Foul Ball, location: 2F
1-2: Foul Ball, location: 2F
1-2: Foul Ball, location: 2F
1-2: Ball
2-2: Ball
3-2: Foul Ball, location: 2F
3-2: Strikes out swinging
Batting: SHB Arnold Griffith 0-0: Ball
1-0: Fly out, F9 (Flyball, 9)
Batting: RHB Bart Goodine 0-0: Ball
1-0: Foul Ball, location: 2F
1-1: Swinging Strike
1-2: Foul Ball, location: 2F
1-2: Foul Ball, location: 2F
1-2: Foul Ball, location: 2F
1-2: Foul Ball, location: 2F
1-2: Ball
2-2: Foul Ball, location: 2F
2-2: DOUBLE (Line Drive, 7LM)
Jorge Pérez to third
Runner from 3rd tries for Home, SAFE, no throw
Batting: RHB Pedro Hernández 0-0: Ball
1-0: Foul Ball, location: 2F
1-1: Ball
2-1: Foul Ball, location: 2F
2-2: Ground out 5-3 (Groundball, 56)
Top of the 4th over - 1 run, 2 hits, 0 errors, 1 left on base; Mercer Island 1 - Phoenix Hotspur 6
BOTTOM OF THE 4TH
Phoenix Hotspur Youth batting - Pitching for Mercer Island Screaming Eagles : RHP Darren Minich
Batting: LHB Joseph Antoine 0-0: DOUBLE (Line Drive, 9LD)
Pinch Runner at 2nd James Turner:
Batting: LHB Kenny Scott 0-0: Ball
1-0: Called Strike
1-1: Swinging Strike
1-2: Foul Ball, location: 2F
1-2: Fly out, F7 (Flyball, 78D)
Batting: LHB Damian Alldred 0-0: Swinging Strike
0-1: Ball
1-1: Ground out 1-3 (Groundball, 13)
James Turner to third
Batting: SHB Roldan Martir 0-0: Ground out U3 (Groundball, 34)
Bottom of the 4th over - 0 runs, 1 hit, 0 errors, 1 left on base; Mercer Island 1 - Phoenix Hotspur 6
TOP OF THE 5TH
Mercer Island Screaming Eagles batting - Pitching for Phoenix Hotspur Youth : RHP Masahiro Sakei
Now in LF: James Turner
Batting: RHB Kenny DeWitt 0-0: Foul Ball, location: 2F
0-1: Foul Ball, location: 2F
0-2: Ball
1-2: SINGLE (Groundball, 6) (infield hit)
Batting: SHB Edward Sterrenburg 0-0: Foul Ball, location: 2F
0-1: Fielders Choice at 2nd, 3-6 (Groundball, 3)
Batting: SHB Ray Davis 0-0: Foul Ball, location: 2F
0-1: DOUBLE (Flyball, 7D)
Edward Sterrenburg to third
Batting: LHB Alberto Enríquez 0-0: Called Strike
0-1: Swinging Strike
0-2: Ball
1-2: Foul Ball, location: 2F
1-2: Fly out, F8 (Flyball, 8LD)
Runner from 3rd tags up, SCORES, throw made
Batting: LHB Jorge Pérez 0-0: Called Strike
0-1: Ball
1-1: Ball
Passed Ball!
Ray Davis to third
2-1: Foul Ball, location: 2F
2-2: Ball
3-2: Ground out 6-3 (Groundball, 6)
Top of the 5th over - 1 run, 2 hits, 0 errors, 1 left on base; Mercer Island 2 - Phoenix Hotspur 6
BOTTOM OF THE 5TH
Phoenix Hotspur Youth batting - Pitching for Mercer Island Screaming Eagles : RHP Darren Minich
Batting: RHB Carl Tucker 0-0: Ground out 6-3 (Groundball, 6)
Batting: LHB Tyler Kinjeketile 0-0: Ball
1-0: Foul Ball, location: 2F
1-1: Swinging Strike
1-2: Foul Ball, location: 2F
1-2: Ground out U3 (Groundball, 34S)
Batting: LHB António Escalante 0-0: Called Strike
0-1: Ball
1-1: Fly out, F5 (Line Drive, 56)
Bottom of the 5th over - 0 runs, 0 hits, 0 errors, 0 left on base; Mercer Island 2 - Phoenix Hotspur 6
TOP OF THE 6TH
Mercer Island Screaming Eagles batting - Pitching for Phoenix Hotspur Youth : RHP Masahiro Sakei
Batting: RHB Giobbe Bastedo 0-0: Called Strike
0-1: Swinging Strike
0-2: Fly out, F7 (Flyball, 7D)
Batting: SHB Arnold Griffith 0-0: Called Strike
0-1: Ball
1-1: Ball
2-1: Foul Ball, location: 2F
2-2: Foul Ball, location: 2F
2-2: Strikes out swinging
Batting: RHB Bart Goodine 0-0: Ball
1-0: Called Strike
1-1: Swinging Strike
1-2: Strikes out looking
Top of the 6th over - 0 runs, 0 hits, 0 errors, 0 left on base; Mercer Island 2 - Phoenix Hotspur 6
BOTTOM OF THE 6TH
Phoenix Hotspur Youth batting - Pitching for Mercer Island Screaming Eagles : RHP Darren Minich
Batting: RHB Germán Alfaro 0-0: Called Strike
0-1: Called Strike
0-2: Strikes out swinging
Batting: RHB Braylen Sampson 0-0: Foul Ball, location: 2F
0-1: Ball
1-1: Ball
2-1: Foul Ball, location: 2F
2-2: SINGLE (Groundball, 56D)
Batting: RHB James Turner 0-0: Ball
1-0: Ball
2-0: Ball
3-0: Base on Balls
Braylen Sampson to second
Pitching: LHP Luis Ochoa
Batting: LHB Kenny Scott 0-0: Grounds out, U3 (Groundball, 3L)
Braylen Sampson to third
Batting: LHB Damian Alldred 0-0: Ground out 4-3 (Groundball, 4)
Bottom of the 6th over - 0 runs, 1 hit, 0 errors, 2 left on base; Mercer Island 2 - Phoenix Hotspur 6
TOP OF THE 7TH
Mercer Island Screaming Eagles batting - Pitching for Phoenix Hotspur Youth : RHP Masahiro Sakei
Batting: RHB Pedro Hernández 0-0: Ball
1-0: Ball
2-0: Ball
3-0: Called Strike
3-1: Called Strike
3-2: Foul Ball, location: 2F
3-2: Fly out, F7 (Flyball, 78S)
Batting: RHB Kenny DeWitt 0-0: Fly out, F7 (Flyball, 7)
Batting: SHB Edward Sterrenburg 0-0: Swinging Strike
0-1: SINGLE (Line Drive, 7S)
Batting: SHB Ray Davis 0-0: Ball
1-0: Ball
2-0: Ball
3-0: Base on Balls
Edward Sterrenburg to second
Pitching: LHP Félix Rivera
Batting: LHB Alberto Enríquez 0-0: Swinging Strike
0-1: DOUBLE (Line Drive, 9D)
Edward Sterrenburg scores
Ray Davis to third
Runner from 3rd tries for Home, SAFE, throw made at trailing runner, OUT at third!
Top of the 7th over - 2 runs, 2 hits, 0 errors, 0 left on base; Mercer Island 4 - Phoenix Hotspur 6
BOTTOM OF THE 7TH
Phoenix Hotspur Youth batting - Pitching for Mercer Island Screaming Eagles : LHP Luis Ochoa
Batting: SHB Roldan Martir 0-0: Called Strike
0-1: Called Strike
0-2: Strikes out swinging
Batting: RHB Carl Tucker 0-0: Ball
1-0: Swinging Strike
1-1: Fly out, F6 (Line Drive, 6)
Batting: LHB Tyler Kinjeketile 0-0: Ball
1-0: Ball
2-0: Ball
3-0: Base on Balls
Batting: LHB António Escalante 0-0: Ball
1-0: Ball
2-0: Called Strike
2-1: Foul Ball, location: 2F
2-2: Foul Ball, location: 2F
2-2: Ball
3-2: Foul Ball, location: 2F
3-2: Fly out, F7 (Flyball, 7LS)
Bottom of the 7th over - 0 runs, 0 hits, 0 errors, 1 left on base; Mercer Island 4 - Phoenix Hotspur 6
TOP OF THE 8TH
Mercer Island Screaming Eagles batting - Pitching for Phoenix Hotspur Youth : LHP Félix Rivera
Batting: LHB Jorge Pérez 0-0: Ball
1-0: Foul Ball, location: 2F
1-1: Called Strike
1-2: Ground out 5-3 (Groundball, 5)
Batting: RHB Giobbe Bastedo 0-0: Ball
1-0: Fly out, F7 (Flyball, 78XD)
Batting: SHB Arnold Griffith 0-0: Fly out, F7 (Flyball, 7S)
Top of the 8th over - 0 runs, 0 hits, 0 errors, 0 left on base; Mercer Island 4 - Phoenix Hotspur 6
BOTTOM OF THE 8TH
Phoenix Hotspur Youth batting - Pitching for Mercer Island Screaming Eagles : LHP Luis Ochoa
Batting: RHB Germán Alfaro 0-0: Foul Ball, location: 2F
0-1: Ball
1-1: Ball
2-1: Swinging Strike
2-2: Ball
3-2: Ground out 5-3 (Groundball, 5)
Batting: RHB Braylen Sampson 0-0: Swinging Strike
0-1: Ball
1-1: Ball
2-1: Ball
3-1: Fly out, F9 (Flyball, 9S)
Batting: RHB James Turner 0-0: Fly out, F9 (Flyball, 9LM)
Bottom of the 8th over - 0 runs, 0 hits, 0 errors, 0 left on base; Mercer Island 4 - Phoenix Hotspur 6
TOP OF THE 9TH
Mercer Island Screaming Eagles batting - Pitching for Phoenix Hotspur Youth : LHP Félix Rivera
Batting: RHB Bart Goodine 0-0: Called Strike
0-1: Ball
1-1: Fly out, F8 (Flyball, 8LM)
Batting: RHB Pedro Hernández 0-0: Called Strike
0-1: SINGLE (Line Drive, 7S)
Pinch Hitting: RHB Jeffery Campbell 0-0: Ball
1-0: Foul Ball, location: 2F
1-1: SINGLE (Groundball, 6MD)
Pedro Hernández to second
Pinch Hitting: RHB Wade Killefer 0-0: Ball
1-0: DOUBLE (Flyball, 78D)
Pedro Hernández scores
Jeffery Campbell to third
Batting: SHB Ray Davis 0-0: Ball
1-0: Called Strike
1-1: Ball
2-1: Ball
3-1: Base on Balls
Batting: LHB Alberto Enríquez 0-0: Ball
1-0: Swinging Strike
1-1: Foul Ball, location: 2F
1-2: Ball
2-2: Ball
3-2: Foul Ball, location: 2F
3-2: Base on Balls
Jeffery Campbell scores
Wade Killefer to third
Ray Davis to second
Batting: LHB Jorge Pérez 0-0: Ball
1-0: Ball
2-0: Ball
3-0: Base on Balls
Wade Killefer scores
Ray Davis to third
Alberto Enríquez to second
Pitching: RHP Abdel Alamini
Batting: RHB Giobbe Bastedo 0-0: Ball
1-0: Ball
2-0: SINGLE (Line Drive, 6MD)
Ray Davis scores
Alberto Enríquez to third
Jorge Pérez to second
Batting: SHB Arnold Griffith 0-0: Called Strike
0-1: Called Strike
0-2: DOUBLE (Line Drive, 9LM)
Alberto Enríquez scores
Jorge Pérez scores
Giobbe Bastedo to third
Batting: RHB Bart Goodine 0-0: Called Strike
0-1: Called Strike
0-2: Ball
1-2: Strikes out swinging
Batting: RHB Pedro Hernández 0-0: Ball
1-0: Foul Ball, location: 2F
1-1: Called Strike
1-2: Ball
2-2: Strikes out swinging
Top of the 9th over - 6 runs, 5 hits, 0 errors, 2 left on base; Mercer Island 10 - Phoenix Hotspur 6
BOTTOM OF THE 9TH
Phoenix Hotspur Youth batting - Pitching for Mercer Island Screaming Eagles : LHP Luis Ochoa
Now at C: Raúl Moreno
Now at 3B: Wade Killefer
Batting: LHB Kenny Scott 0-0: Called Strike
0-1: Ball
1-1: Foul Ball, location: 2F
1-2: Ball
2-2: Foul Ball, location: 2F
2-2: Ball
3-2: Strikes out swinging
Batting: LHB Damian Alldred 0-0: Called Strike
0-1: Foul Ball, location: 2F
0-2: Ground out U3 (Groundball, 3)
Batting: SHB Roldan Martir 0-0: Ground out 3-1 (Groundball, 34S)
Bottom of the 9th over - 0 runs, 0 hits, 0 errors, 0 left on base; Mercer Island 10 - Phoenix Hotspur 6
Tuesday, June 12th, 2018 - OOTP Baseball 18.8 Build 76